 Dungeon Crawl Stone Soup version 0.31-a0-986-g5e6e4ef867 (webtiles) character file.

Game seed: 9684927312339819806

311 Dittersdorf the Covered (level 6, 0/48 HPs)
             Began as a Human Fighter on Nov 9, 2023.
             Killed by divine providence
             ... invoked by an orc priest
              (14 damage)
             ... on level 3 of the Dungeon.
             The game lasted 00:02:48 (2235 turns).

Dittersdorf the Covered (Human Fighter)             Turns: 2235, Time: 00:02:48

Health: 0/48       AC: 13    Str: 24    XL:     6   Next: 70%
Magic:  6/6        EV:  8    Int:  9    God:
Gold:   178        SH:  5    Dex: 12    Spells: 5/5 levels left

rFire   . . .        a - +1 long sword
rCold   . . .        c - +0 buckler
rNeg    . . .        l - +0 chain mail
rPois   .            h - +2 helmet
rElec   .            (no cloak)
rCorr   .            j - +0 pair of gloves
SInv    +            (no boots)
Will    .....        (no amulet) Stlth
                     e - +6 ring of strength
HPRegen 0.28/turn    f - ring of see invisible
MPRegen 0.10/turn

%: no passive effects
@: no status effects
A: no striking features
a: no special abilities


You were on level 3 of the Dungeon.
You visited 1 branch of the dungeon, and saw 3 of its levels.
You also visited: Sewer.

You collected 178 gold pieces.

Inventory:

Hand Weapons
 a - a +1 long sword (weapon)
Armour
 c - a +0 buckler (worn)
 h - a +2 helmet (worn)
 j - a +0 pair of gloves (worn)
 l - a +0 chain mail (worn)
Jewellery
 e - a +6 ring of strength (left hand)
 f - a ring of see invisible (right hand)
Scrolls
 b - 2 scrolls of teleportation {unknown}
 d - a scroll of noise {unknown}
 i - a scroll of enchant weapon
 m - a scroll of enchant armour {unknown}
Potions
 g - a potion of ambrosia
 k - 2 potions of heal wounds
 n - a potion of haste


   Skills:
 + Level 4.3 Fighting
 + Level 3.5 Long Blades
 + Level 4.3 Armour
 + Level 4.3 Shields


You had 5 spell levels left.
You didn't know any spells.
Your spell library contained the following spells:

 Spells                   Type           Power      Damage    Failure   Level
 Kiss of Death            Conj/Necr      0%         2d5       95%         1
 Poisonous Vapours        Pois/Air       0%         N/A       99%         2
 Wereblood                Tmut           0%         N/A       99%         2
 Mephitic Cloud           Conj/Pois/Air  0%         N/A       100%        3
 Sticky Flame             Conj/Fire      0%         2d3       100%        4
 Freezing Cloud           Conj/Ice/Air   0%         6-21      100%        5
 Irradiate                Conj/Tmut      0%         3d11      100%        5
 Bombard                  Conj/Erth      0%         9d1       100%        6


Dungeon Overview and Level Annotations

Branches:
Dungeon (3/15)              Sewer (visited)

Altars:
Vehumet

Shops:
D:2 *


Message History

You are too injured to fight recklessly!
You are too injured to fight recklessly!
You are too injured to fight recklessly!
You are too injured to fight recklessly!
You are too injured to fight recklessly!
You are too injured to fight recklessly!
You are too injured to fight recklessly!
You are too injured to fight recklessly!
You hit the orc priest but do no damage.
The orc priest is moderately wounded.
The orc barely misses you. You block the orc's attack.
The orc priest completely misses you.
You hit the orc priest but do no damage.
The orc priest is moderately wounded.
You block the orc's attack. The orc hits you but does no damage.
The orc priest hits you with a +0 dagger.
The orc hits you but does no damage.
The orc priest hits you with a +0 dagger.
The orc hits you but does no damage.
You completely miss the orc priest.
The orc priest is moderately wounded.
The orc hits you but does no damage. The orc barely misses you.
You block the orc priest's attack.
You hit the orc priest.
The orc priest is severely wounded.
The orc hits you but does no damage.
The orc priest hits you but does no damage.
The orc hits you but does no damage.
You hit the orc priest.
The orc priest is severely wounded.
You block the orc's attack. The orc hits you but does no damage.
The orc priest hits you with a +0 dagger.
You hit the orc priest but do no damage.
The orc priest is severely wounded.
The orc hits you with a +0 trident.
* * * LOW HITPOINT WARNING * * *
The orc hits you but does no damage.
The orc priest calls down the wrath of Beogh upon you.
Beogh smites you!
You die...

********* *,,,,,,,,,*
*,,,*,,,** ############...,,*
*,*,*,*,,* ######:.........,,*
*,*,*,**,* ######.#########,,*
*,*,*,**,* ######.#......##*,*
*,*,*,**,* ######.#......##*,*
*,*,*,**,**######.#......##,,,
*,,,*,##..###oo...#[)....##,,*
*,,,*,......o@#####))....##,,*
**,,,*##..####.###<#.......,,,
*,***,,,**###.###.##.##.##,,,
*,,**,*** ###.###.##.##.##,**
***,**,****##.#.##.##.##.##.**
*,*,**,*,,>..###............,,
*,*,**,***###.######.######*,,
*,*,,,,#######.#####.######***
**,*****#..<....#####.#####


You could see an orc priest and 2 orcs.

Vanquished Creatures
  Pargi (Sewer)
  A jelly (D:2)
  An orc wizard (D:3)
  Robin (D:2)
  4 gnolls (D:2)
  2 river rats (D:3)
  2 adders (D:2)
  2 worms (D:2)
  A dart slug (D:1)
  5 orcs (D:3)
  9 bats
  6 endoplasms (D:1)
  4 giant cockroaches
  9 goblins (D:2)
  5 hobgoblins
  3 quokkas
  4 ball pythons
  3 frilled lizards
  3 kobolds
  5 rats
71 creatures vanquished.

Notes
Turn   | Place    | Note
-------+----------+-------------------------------------------
     0 | D:1      | Dittersdorf the Human Fighter began the quest for the Orb.
     0 | D:1      | Reached XP level 1. HP: 18/18 MP: 1/1
   148 | D:1      | Reached XP level 2. HP: 24/24 MP: 2/2
   617 | D:1      | Got the Secrets of Blasting
   702 | D:1      | Reached XP level 3. HP: 25/29 MP: 3/3
   856 | D:2      | Noticed Robin
   869 | D:2      | Killed Robin
  1140 | D:2      | Reached XP level 4. HP: 35/35 MP: 4/4
  1522 | D:2      | Reached XP level 5. HP: 32/42 MP: 5/5
  1640 | D:2      | Found Utrib's Assorted Antiques.
  1835 | D:3      | Found a radiant altar of Vehumet.
  1928 | D:3      | Found a glowing drain.
  1939 | D:3      | Reached XP level 6. HP: 36/48 MP: 6/6
  1946 | Sewer    | Entered a sewer
  1994 | Sewer    | Noticed Pargi
  2000 | Sewer    | Killed Pargi
  2235 | D:3      | Killed from afar by an orc priest

Illustrated notes

Levels and vault maps discovered:
D:1:      dpeg_arrival_tiny_d, layout_basic, serial_rivers,
          chequers_serial_rivers_micro_b, chequers_serial_rivers_micro_e,
          chequers_serial_rivers_micro_c, chequers_serial_rivers_small_b,
          chequers_serial_rivers_marsh, nicolae_figureground_sparkle
D:2:      layout_loops_ring, serial_shops, nicolae_shop_overgrown_old_shop,
          minmay_misc_feat_diagonals, uniq_robin
D:3:      layout_loops_ring, mainiacjoe_overflow_boulevard,
          overflow_temple_1_default, serial_co_window_serial, co_window_paths_a,
          co_window_paths_b, co_window_of_opportunity_a, co_window_paths_a,
          co_window_paths_a, co_window_cross_1, co_window_paths_a,
          co_window_of_opportunity_b, co_window_corner_b, co_window_cross_4,
          co_window_corner_b, co_window_2corner, co_window_of_opportunity_b,
          co_window_corner_b, co_window_paths_d, portal_sewer_entry_e

Skill      XL: |  1  2  3  4  5 |
---------------+----------------+-----
Long Blades    | 3 |  3.5
Shields        | 4 |  4.3
Armour         | 4 |  4.3
Fighting       | 4 |  4.3

Action                     |  1- 3 |  4- 6 || total
---------------------------+-------+-------++-------
  Melee: Long sword        |    90 |   180 ||   270
    Use: Scroll            |       |     5 ||     5
         Potion            |       |     1 ||     1
 Armour: Scale mail        |    53 |    13 ||    66
         Chain mail        |       |   178 ||   178
  Dodge: Dodged            |    44 |    94 ||   138
  Block: Buckler           |    19 |    57 ||    76

Table legend: (Time is in decaauts)
 A = Elapsed time spent in this place.
 B = Non-inter-level travel time spent in this place.
 C = Inter-level travel time spent in this place.
 D = Time resting spent in this place.
 E = Time spent auto-exploring this place.
 F = Levels seen in this place.
 G = Mean time per level.
                   A        B        C        D        E       F      G
               +--------+--------+--------+--------+--------+-----+--------+
         Total |   2318 |   2241 |     77 |     45 |   1513 |   4 |  579.5 |
       Dungeon |   2201 |   2124 |     77 |     45 |   1434 |   3 |  733.7 |
         Sewer |    117 |    117 |      0 |      0 |     79 |   1 |  117.0 |
               +--------+--------+--------+--------+--------+-----+--------+

Top non-repeatable levels by time:
     D:2: 1041 daAuts
     D:1: 867 daAuts
     D:3: 292 daAuts
   Sewer: 117 daAuts
